 Dungeon Crawl Stone Soup version 0.32-a0-732-ga344392067 (webtiles) character file.

Game seed: 4774177879920953682

128169 Pooter the Severer (level 16, -15/151 HPs)
             Began as a Minotaur Berserker on Mar 14, 2024.
             Was a High Priest of Trog.
             Shot with an arrow by Vashnia (34 damage)
             ... on level 2 of the Snake Pit on Mar 16, 2024.
             The game lasted 03:00:45 (34522 turns).

Pooter the Severer (Minotaur Berserker)            Turns: 34522, Time: 03:00:45

Health: -15/151    AC: 15    Str: 30    XL:     16   Next: 47%
Magic:  15/15      EV: 12    Int: 10    God:    Trog [*****.]
Gold:   729        SH:  0    Dex: 20    Spells: 15/15 levels left

rFire   + . .        b - +10 shortbow of Honour {speed, Int+4 SInv}
rCold   + . .        (shield currently unavailable)
rNeg    . . .        K - +1 plate armour {rPois}
rPois   .            (helmet restricted)
rElec   .            s - scarf {rC+ rF+}
rCorr   .            z - +0 pair of gloves
SInv    +            w - +0 pair of boots
Will    +....        R - amulet of regeneration Stlth
                     k - +6 ring of dexterity
HPRegen 1.25/turn    i - +6 ring of strength
MPRegen 0.14/turn

%: no passive effects
@: lethally poisoned (-15 -> -42), poison vulnerable
A: horns 2, retaliatory headbutt
a: Renounce Religion, Berserk, Trog's Hand, Brothers in Arms


You were on level 2 of the Snake Pit.
You worshipped Trog.
Trog was extremely pleased with you.
You visited 4 branches of the dungeon, and saw 24 of its levels.

You collected 2549 gold pieces.
You spent 1820 gold pieces at shops.

Inventory:

Hand Weapons
 a - a +5 heavy battleaxe
   (You acquired it on level 13 of the Dungeon)
 b - the +10 shortbow of Honour (weapon) {speed, Int+4 SInv}
   (You found it on level 5 of the Lair of Beasts)

   Int+4:     It affects your intelligence (+4).
   SInv:      It lets you see invisible.
 l - a +0 broad axe of electrocution
   (You acquired it on level 5 of the Lair of Beasts)
 n - a +4 trident of draining
   (You took it off Jeremiah on level 7 of the Dungeon)
 A - a +3 battleaxe of flaming
   (You took it off Rupert on level 12 of the Dungeon)
 E - the +5 Force Lance {heavy, knockback}
   (You found it on level 8 of the Dungeon)
 U - a +3 triple crossbow of flaming
   (You bought it in a shop on level 2 of the Orcish Mines)
Missiles
 p - 2 curare-tipped darts
 v - 2 silver javelins
 I - 12 boomerangs
 M - 4 atropa-tipped darts
 V - 8 javelins
Armour
 s - a scarf of resistance (worn)
   (You found it on level 3 of the Lair of Beasts)
 w - a +0 pair of boots (worn)
   (You found it on level 10 of the Dungeon)
 z - a +0 pair of gloves (worn)
   (You found it on level 6 of the Dungeon)
 K - a +1 plate armour of poison resistance (worn)
   (You found it on level 14 of the Dungeon)
 L - a +0 chain mail of positive energy
   (You found it on level 10 of the Dungeon)
 T - the +1 scale mail "Goapai" {Will++ Int+4 Dex-2}
   (You bought it in a shop on level 2 of the Orcish Mines)

   Int+4:     It affects your intelligence (+4).
   Dex-2:     It affects your dexterity (-2).
   Will++:    It greatly increases your willpower.
 W - a +0 chain mail of cold resistance
   (You bought it in a shop on level 14 of the Dungeon)
 Y - a +2 cloak of willpower
   (You found it on level 13 of the Dungeon)
Jewellery
 i - a +6 ring of strength (right hand)
   (You found it on level 2 of the Lair of Beasts)
 k - a +6 ring of dexterity (left hand)
   (You found it on level 4 of the Lair of Beasts)
 F - a +4 ring of protection
   (You found it on level 1 of the Snake Pit)
 P - a ring of poison resistance
   (You bought it in a shop on level 2 of the Orcish Mines)
 Q - a ring of flight
   (You found it on level 5 of the Dungeon)
 R - an amulet of regeneration (around neck)
   (You bought it in a shop on level 2 of the Orcish Mines)
Wands
 d - a wand of iceblast (11)
   (You found it on level 1 of the Lair of Beasts)
 f - a wand of flame (7)
   (You found it on level 10 of the Dungeon)
 q - a wand of mindburst (8)
   (You found it on level 5 of the Lair of Beasts)
 u - a wand of paralysis (6)
   (You found it on level 5 of the Lair of Beasts)
 D - a wand of digging (6)
   (You found it on level 8 of the Dungeon)
 S - a wand of light (14)
   (You found it on level 11 of the Dungeon)
 Z - a wand of polymorph (15)
   (You found it on level 11 of the Dungeon)
Scrolls
 e - a scroll of fog
 g - a scroll of poison
 m - 4 scrolls of noise {!r}
 r - a scroll of immolation {!r}
 t - 6 scrolls of teleportation {@r4}
 O - 2 scrolls of fear
 X - a scroll of brand weapon
Potions
 h - a potion of invisibility
 j - 4 potions of might
 o - 3 potions of enlightenment
 x - a potion of berserk rage {unknown}
 y - 4 potions of heal wounds {@q2}
 B - 2 potions of lignification {!q}
 C - 6 potions of curing {@q1}
 G - 2 potions of attraction {!q}
 H - a potion of cancellation
 J - a potion of mutation {unknown}
 N - a potion of haste {@q3}
Miscellaneous
 c - a phantom mirror
   (You found it on level 3 of the Lair of Beasts)


   Skills:
 + Level 16.1 Fighting
 + Level 17.0(18.4) Axes
 - Level 12.1(16.0) Polearms
 + Level 14.5 Ranged Weapons
 - Level 4.9 Throwing
 + Level 5.1 Armour
 - Level 10.0 Dodging
 + Level 3.0 Stealth
 - Level 10.3 Shields
 + Level 8.6 Evocations


You had 15 spell levels left.
You didn't know any spells.
Your spell library was empty.

Dungeon Overview and Level Annotations

Branches:
Dungeon (15/15) Zot: 25576  Temple (0/1) D:7            Lair (5/5) D:11 Zot: 19039
 Shoals (0/4) Lair:3        Snake (2/4) Lair:3 Zot: 10422   Slime (0/5) Lair:4
    Orc (2/2) D:10 Zot: 6808     Elf (0/3) Orc:2        Vaults (0/5) D:13
 Depths (0/4) D:15

Altars:
Cheibriados
Dithmenos
Elyvilon
Fedhas
Gozag
Okawaru
Ru
Sif Muna
Trog
Uskayaw
Vehumet
Wu Jian
Xom
Yredelemnul
The Shining One
Jiyva

Shops:
D:11 (   D:12 *   D:13 :   D:14 [   Orc:2 =(*[=[

Portals:
Trove: D:15 (show slimy rune of Zot)

Annotations:
Snake:2 Vashnia


Innate Abilities, Weirdness & Mutations

You have a pair of horns on your head.
You reflexively headbutt those who attack you in melee.


Message History

The naga sharpshooter shoots an arrow.
The arrow hits you.
Aiming: Iceblast
Press: ? - help, Shift-Dir - straight line, f/p - naga sharpshooter
Aim: a naga sharpshooter, wielding a +0 longbow (flame, heavily wounded, inner flame, catching its breath)
The mass of ice explodes!
The iceblast engulfs the naga sharpshooter!!
Flame seeps out of the naga sharpshooter.
You feel very sick.
The naga sharpshooter shoots a bolt.
The bolt completely misses you. The naga spits poison at you.
The splash of poison misses you.
The naga mage mumbles some strange words.
The naga mage seems to speed up.
The naga ritualist mumbles some strange prayers to its god.
The naga ritualist begins to radiate toxic energy.
You are more poisoned.
Unknown command.
Aiming: Iceblast
Press: ? - help, Shift-Dir - straight line, f/p - naga sharpshooter
Aim: a naga sharpshooter, wielding a +0 longbow (flame, almost dead, inner flame, catching its breath)
The mass of ice explodes!
The iceblast engulfs the naga sharpshooter!
Trog accepts your kill.
Trog appreciates your killing of a magic user.
Trog will now gift you melee weapons as you gain piety.
The naga sharpshooter explodes!
You feel very sick.
You hear a shout!
You are more poisoned.
The naga sharpshooter gestures wildly while chanting.
The naga sharpshooter magically shoots a bolt.
The bolt hits you!!
Vashnia casts a spell.
Vashnia magically shoots an arrow.
The arrow hits you!!
* * * LOW HITPOINT WARNING * * *
A naga comes into view. It is wielding a +0 scimitar.
The naga warrior spits poison at you. The splash of poison hits you!!
You are more poisoned.
* * * LOW HITPOINT WARNING * * *
A naga sharpshooter comes into view. It is wielding a +0 flail.
The salamander hits you but does no damage.
* * * LOW HITPOINT WARNING * * *
You feel extremely sick.
* * * LOW HITPOINT WARNING * * *
You are more poisoned.
The black mamba bites you but does no damage.
Vashnia shoots an arrow.
The arrow hits you!!
You die...
Vashnia says, "Intruder eliminated."

##..#.....N....
..........NN...
...........N...
...........NN..
...............
.........NN....
...............
.......@S......
.......§§.$....
....N.§).....#.
......§#§...##
..###.. ....# .
#N. ....# #..
....# ... N....


You could see Vashnia (inner flame, catching breath), a naga warrior (catching
breath), 2 naga sharpshooters, 2 salamanders, a naga ritualist (inner flame,
toxic aura), a black mamba, a naga mage (fast, inner flame) and 3 nagas.

Vanquished Creatures
  Jorgrun (Orc:2)
  Rupert (D:12)
  An orc warlord (Orc:1)
  Azrael (D:12)
  The ghost of Munuj the Summoner, a journeyman MDFi of Cheibriados (Lair:4)
  A fire dragon (Lair:5)
  Fannar (Lair:1)
  3 vault guards (D:13)
  2 rakshasas (D:15)
  Erolcha (D:12)
  4 hydras
  A death knight (D:15)
  Erica (Lair:1)
  An ogre mage (D:15)
  A catoblepas (Lair:1)
  3 boulder beetles
  4 centaur warriors
  7 death yaks
  9 two-headed ogres
  2 naga sharpshooters
  A tengu warrior (D:15)
  Urug (Lair:1)
  A shock serpent (Snake:1)
  An occultist (D:15)
  3 orc high priests
  3 skysharks
  14 skeletal warriors
  A fire crab (Lair:3)
  A mana viper (Snake:1)
  Lodul (D:13)
  3 arcanists (D:13)
  A swamp dragon (Lair:5)
  A lindwurm (Lair:2)
  3 phantasmal warriors
  A necromancer (D:15)
  4 orc knights
  A deep elf pyromancer (D:15)
  3 cyclopes
  A wolf spider (Lair:5)
  15 ugly things
  6 orc sorcerers
  A salamander (Snake:1)
  2 manticores (D:15)
  7 elephants
  14 black mambas
  2 naga magi (Snake:1)
  Maggie (D:7)
  A guardian serpent (Lair:5)
  A cane toad (shapeshifter) (D:14)
  2 gargoyles
  3 torpor snails
  25 cane toads
  2 centaur zombies (D:15)
  6 rime drakes
  An unseen horror (D:11)
  Jeremiah (D:7)
  2 kobold demonologists (D:12)
  A yaktaur (D:13)
  A tengu conjurer (D:15)
  10 komodo dragons
  2 centaur skeletons (D:15)
  A freezing wraith (D:15)
  A yaktaur (shapeshifter) (D:15)
  6 trolls
  A guardian mummy (D:15)
  A queen bee (shapeshifter) (D:15)
  A wolf spider simulacrum (D:15)
  2 polar bears
  10 blink frogs
  3 hornets
  19 dream sheep
  14 slime creatures
  3 shadows
  62 yaks
  17 wyverns
  2 vampires (D:12)
  A golden eye (Lair:5)
  5 wraiths
  5 basilisks
  6 fire elementals
  18 humans (D:13)
  3 steam dragons
  2 wargs (Orc:1)
  3 vampire mosquitoes
  A redback (Lair:5)
  Menkaure (D:7)
  A death yak simulacrum (Lair:4)
  3 acid dragons
  18 water moccasins
  4 hell hounds
  36 orc warriors
  2 swamp drakes (Lair:5)
  5 black bears
  4 laughing skulls
  A black mamba simulacrum (Lair:4)
  11 ogres
  A wolf (Lair:4)
  6 centaurs
  2 phantoms (D:7)
  3 kobold brigands
  4 gnoll sergeants
  A scorpion (D:5)
  10 bullfrogs
  4 wights (D:7)
  15 killer bees
  6 spriggan skeletons (D:11)
  3 torpor snail simulacra (Lair:4)
  A troll skeleton (D:11)
  6 howler monkeys
  A bombardier beetle (D:5)
  4 crimson imps (D:3)
  2 electric eels (Lair:2)
  A komodo dragon simulacrum (Lair:4)
  4 hounds
  A sleepcap (D:7)
  26 orc priests
  A gnoll bouda (D:10)
  13 iguanas
  Ijyb (D:5)
  37 orc wizards
  Robin (D:2)
  21 gnolls
  9 adders
  A white imp (D:8)
  4 ufetubi (D:6)
  4 dart slugs
  75 orcs
  10 ball pythons
  6 endoplasms
  7 giant cockroaches
  14 goblins
  6 hobgoblins
  6 jackals
  3 quokkas
  6 bats
  2 frilled lizards
  9 kobolds
  5 rats
812 creatures vanquished.

Vanquished Creatures (others)
  A deep elf pyromancer (D:15)
  A yak (Lair:4)
  An orc wizard (Orc:2)
3 creatures vanquished.

Grand Total: 815 creatures vanquished

Notes
Turn   | Place    | Note
-------+----------+-------------------------------------------
     0 | D:1      | Pooter the Minotaur Berserker began the quest for the Orb.
     0 | D:1      | Reached XP level 1. HP: 19/19 MP: 0/0
   250 | D:1      | Reached XP level 2. HP: 27/27 MP: 1/1
   254 | D:1      | Reached skill level 1 in Throwing
   256 | D:1      | Reached skill level 4 in Axes
   547 | D:1      | Reached XP level 3. HP: 33/33 MP: 2/2
   882 | D:2      | Noticed Robin
   893 | D:2      | Reached ** piety under Trog
   896 | D:2      | Killed Robin
  1086 | D:2      | Reached XP level 4. HP: 39/40 MP: 3/3
  1591 | D:2      | Reached skill level 5 in Axes
  1677 | D:2      | Reached XP level 5. HP: 35/47 MP: 4/4
  2184 | D:3      | Found a shimmering altar of Xom.
  2228 | D:3      | Reached *** piety under Trog
  2229 | D:3      | Reached XP level 6. HP: 50/55 MP: 5/5
  2315 | D:3      | Reached skill level 5 in Fighting
  2315 | D:3      | Reached skill level 6 in Axes
  2408 | D:4      | Found a bloodstained altar of Trog.
  2564 | D:4      | Found a hide-covered altar of Uskayaw.
  2564 | D:4      | Noticed a +0 hand axe
  2564 | D:4      | Noticed a +0 hand axe
  2646 | D:4      | Found an opulent altar of Gozag.
  2918 | D:5      | Entered Level 5 of the Dungeon
  2944 | D:5      | Found a shadowy altar of Dithmenos.
  2978 | D:5      | Found an iron altar of Okawaru.
  3029 | D:5      | Found a radiant altar of Vehumet.
  3171 | D:5      | Noticed Ijyb
  3181 | D:5      | Killed Ijyb
  3402 | D:5      | Identified the +2 quarterstaff of Zedirecyn {heavy, rElec
                  | rPois rN+ Will-}
  3410 | D:5      | Found a blossoming altar of Fedhas.
  3427 | D:5      | Reached XP level 7. HP: 51/61 MP: 6/6
  3577 | D:5      | Reached skill level 7 in Axes
  3641 | D:5      | Found an ornate altar of the Wu Jian Council.
  3990 | D:5      | Reached skill level 1 in Ranged Weapons
  4201 | D:6      | Found a snail-covered altar of Cheibriados.
  4346 | D:6      | Reached XP level 8. HP: 70/70 MP: 7/7
  4348 | D:6      | Reached skill level 8 in Axes
  5370 | D:7      | Reached skill level 9 in Axes
  5415 | D:7      | Upgraded the game from 0.32-a0-699-g1ee5eff69a to
                  | 0.32-a0-711-g016ad743e0
  5433 | D:7      | Reached skill level 5 in Ranged Weapons
  5511 | D:7      | Noticed Maggie
  5573 | D:7      | Identified the +1 robe of Zin {Fly rF+ Will-}
  5632 | D:7      | Noticed Menkaure
  5644 | D:7      | Killed Menkaure
  5645 | D:7      | Reached XP level 9. HP: 58/79 MP: 8/8
  5660 | D:7      | Noticed Jeremiah
  5663 | D:7      | Found a basalt altar of Yredelemnul.
  6186 | D:8      | Reached skill level 10 in Axes
  6634 | D:7      | Killed Maggie
  6704 | D:7      | Killed Jeremiah
  6800 | D:7      | Found a glowing golden altar of the Shining One.
  6850 | D:7      | Found a white marble altar of Elyvilon.
  6878 | D:7      | Identified the +0 buckler "Qoasir" {Int+2}
  7065 | D:7      | Found a staircase to the Ecumenical Temple.
  7447 | D:8      | Reached skill level 11 in Axes
  7499 | D:8      | Found the +5 Force Lance {heavy, knockback}
  7689 | D:8      | Reached skill level 1 in Polearms
  7909 | D:9      | Reached XP level 10. HP: 69/90 MP: 9/9
  8006 | D:9      | Noticed a two-headed ogre
  8015 | D:9      | Killed a two-headed ogre
  8716 | D:9      | Found a sacrificial altar of Ru.
  8738 | D:9      | Reached skill level 5 in Polearms
  8863 | D:10     | Entered Level 10 of the Dungeon
  8869 | D:10     | Reached **** piety under Trog
  9251 | D:10     | Reached skill level 12 in Axes
  9269 | D:10     | Noticed a two-headed ogre
  9269 | D:10     | Noticed a red ugly thing
  9273 | D:10     | Killed a two-headed ogre
  9274 | D:10     | Reached XP level 11. HP: 71/99 MP: 10/10
  9275 | D:10     | Killed a red ugly thing
  9276 | D:10     | Reached skill level 10 in Fighting
  9476 | D:10     | Found a staircase to the Orcish Mines.
 10001 | D:10     | Found a shimmering blue altar of Sif Muna.
 10047 | Orc:1    | Entered Level 1 of the Orcish Mines
 10089 | Orc:1    | Noticed an orc sorcerer
 10096 | Orc:1    | Killed an orc sorcerer
 10580 | Orc:2    | Entered Level 2 of the Orcish Mines
 10580 | Orc:2    | Noticed an orc knight
 10983 | Orc:2    | Killed an orc knight
 11066 | Orc:2    | Found Yqikye's Antique Armour Emporium.
 11071 | Orc:2    | Noticed Jorgrun
 11095 | Orc:2    | Killed Jorgrun
 11259 | Orc:2    | Bought a heavily runed scale mail for 234 gold pieces
 11259 | Orc:2    | Identified the +1 scale mail "Goapai" {Will++ Int+4 Dex-2}
                  | (You bought it in a shop on level 2 of the Orcish Mines)
 11418 | Orc:2    | HP: 3/101 [orc wizard/puff of flame (9)]
 11657 | Orc:2    | Reached skill level 10 in Ranged Weapons
 11839 | Orc:2    | Reached skill level 13 in Axes
 11861 | Orc:2    | Found Ishrihai's Jewellery Boutique.
 11863 | Orc:2    | Found a staircase to the Elven Halls.
 11869 | Orc:2    | Bought a ring of poison resistance for 260 gold pieces
 11869 | Orc:2    | Bought an amulet of regeneration for 390 gold pieces
 12261 | Orc:2    | Noticed an orc high priest
 12263 | Orc:2    | Reached skill level 10 in Polearms
 12265 | Orc:2    | Noticed an orc warlord
 12266 | Orc:2    | Noticed an orc knight
 12307 | Orc:2    | Noticed a sun demon
 12315 | Orc:1    | Killed an orc warlord
 12359 | Orc:1    | Killed an orc high priest
 12508 | Orc:2    | Noticed an orc knight
 12516 | Orc:2    | Killed an orc knight
 12517 | Orc:2    | Reached XP level 12. HP: 73/110 MP: 11/11
 12599 | Orc:2    | Noticed an orc high priest
 13018 | Orc:2    | Noticed an orc high priest
 13183 | Orc:1    | Killed an orc high priest
 13238 | Orc:2    | Killed an orc high priest
 14668 | Orc:2    | Found Qaug's Antique Armour Shoppe.
 14669 | Orc:2    | Found Qogadief's Antique Weapon Shoppe.
 14671 | Orc:2    | Found Asmy's General Store.
 14671 | Orc:2    | Found Zohom's Jewellery Emporium.
 14676 | Orc:2    | Bought a potion of heal wounds for 50 gold pieces
 14676 | Orc:2    | Bought a scroll of fog for 40 gold pieces
 14990 | D:11     | Reached skill level 14 in Axes
 15046 | D:11     | Reached skill level 1 in Shields
 15067 | D:11     | Reached skill level 1 in Evocations
 15313 | D:11     | Found a staircase to the Lair.
 15577 | D:11     | Found Letoloed's Weapon Shop.
 15799 | Lair:1   | Entered Level 1 of the Lair of Beasts
 15801 | Lair:1   | Noticed Urug
 15807 | Lair:1   | Killed Urug
 15832 | Lair:1   | Noticed Fannar
 15871 | Lair:1   | Killed Fannar
 16032 | Lair:1   | Noticed Erica
 16035 | Lair:1   | Reached XP level 13. HP: 119/119 MP: 12/12
 16375 | Lair:1   | Killed Erica
 16992 | Lair:1   | Reached skill level 5 in Dodging
 16995 | Lair:1   | Reached skill level 5 in Shields
 17256 | Orc:2    | Bought a runed scarf for 200 gold pieces
 18473 | Lair:3   | Found a staircase to the Snake Pit.
 18613 | Lair:3   | Reached skill level 5 in Evocations
 18693 | Lair:3   | Found a transporter.
 18793 | Lair:3   | You fall into a shaft and drop 1 floor!
 18866 | Lair:4   | Found a runed translucent gate.
 18866 | Lair:4   | Found a runed translucent gate.
 18866 | Lair:4   | Found a runed translucent gate.
 18930 | Lair:4   | Reached XP level 14. HP: 129/129 MP: 13/13
 18994 | Lair:3   | Found a transporter.
 19172 | Lair:3   | Found a staircase to the Shoals.
 19325 | Lair:3   | Upgraded the game from 0.32-a0-711-g016ad743e0 to
                  | 0.32-a0-732-ga344392067
 19852 | Lair:4   | Found a viscous altar of Jiyva.
 19853 | Lair:4   | Found a staircase to the Slime Pits.
 19988 | Lair:4   | Noticed Munuj's ghost (journeyman MDFi)
 20707 | Lair:5   | Entered Level 5 of the Lair of Beasts
 21227 | Lair:4   | Killed Munuj's ghost
 25757 | Lair:5   | Identified a scroll of acquirement
 25757 | Lair:5   | Acquired a +0 broad axe of electrocution
 25763 | Lair:5   | Identified the +10 shortbow of Honour {speed, Int+4 SInv}
 25977 | Lair:5   | Reached skill level 15 in Axes
 25979 | Lair:5   | Reached XP level 15. HP: 112/139 MP: 14/14
 26667 | D:12     | Noticed Azrael
 26674 | D:12     | Killed Azrael
 27231 | D:12     | Noticed Rupert
 27245 | D:12     | Killed Rupert
 27477 | D:12     | Found Teminex's Blood Bar.
 27930 | D:12     | Reached skill level 15 in Fighting
 28305 | D:12     | Noticed Erolcha
 28316 | D:12     | Killed Erolcha
 29206 | D:13     | Reached ***** piety under Trog
 29245 | D:13     | Noticed Lodul
 29258 | D:13     | Reached skill level 16 in Axes
 29260 | D:13     | Killed Lodul
 29295 | D:13     | Acquired a +4 heavy battleaxe
 29456 | D:13     | Found Nagroprijo's Book Boutique.
 29507 | D:13     | Reached skill level 10 in Shields
 29666 | D:13     | Found a gate to the Vaults.
 30425 | D:14     | Reached skill level 10 in Dodging
 30927 | D:14     | Reached XP level 16. HP: 119/149 MP: 15/15
 31186 | D:14     | Found Codwiask's Antique Armour Boutique.
 31195 | D:14     | Bought a shiny chain mail for 217 gold pieces
 31226 | D:15     | Entered Level 15 of the Dungeon
 31336 | D:15     | Reached skill level 1 in Stealth
 31702 | D:15     | Found a portal to a secret trove of treasure.
 31739 | D:15     | Found a gate leading to a gauntlet.
 32015 | D:15     | Found a staircase to the Depths.
 32277 | D:15     | Found a shadowy altar of Dithmenos.
 32566 | Snake:1  | Entered Level 1 of the Snake Pit
 33193 | Orc:2    | Bought a glowing triple crossbow for 429 gold pieces
 33831 | Snake:1  | Reached skill level 5 in Armour
 34043 | Snake:1  | Reached skill level 17 in Axes
 34517 | Snake:2  | Noticed Vashnia
 34522 | Snake:2  | Shot with an arrow by Vashnia

Illustrated notes

Levels and vault maps discovered:
D:1:      dpeg_arrival_yet_another_circle, layout_basic
D:2:      layout_basic, uniq_robin
D:3:      layout_basic, led_xom_imps, minmay_pentomino_pile
D:4:      layout_cave_pools, dancing_weapons_uskayaw,
          mainiacjoe_overflow_tiny_flanked, nicolae_overflow_crystal_walls
D:5:      layout_loops_corners, lemuel_crystal_altar, okawaru_trees_2,
          nicolae_vehumet_altar_sigil, mainiacjoe_overflow_catch_the_wave,
          uniq_ijyb
D:6:      layout_loops_ring, kennysheep_slug_shrine
D:7:      layout_cave_pools, kennysheep_ying_yang, tso_oasis_becter,
          minmay_temple_entry_junction, minmay_misc_feat_x, uniq_maggie,
          uniq_menkaure, uniq_jeremiah
D:8:      layout_loops_ring
D:9:      layout_basic, marbit_many_paths
D:10:     layout_rooms, nicolae_sif_muna_little_library, orc_0_dummy,
          minmay_misc_feat_tiny, minmay_joined_circles
D:11:     layout_roguey, grunt_lair_entry_orc_guard_hut, serial_shops, shop,
          roderic_roman_lattice, hangedman_tell_no_tales
D:12:     layout_grid_maze, guppyfry_shop_blood, uniq_azrael, uniq_rupert,
          uniq_erolcha
D:13:     layout_loops_cross, grunt_vaults_entry_tiered, serial_shops, shop,
          uniq_lodul
D:14:     layout_loops_cross, serial_shops, nicolae_lakefront_shop,
          minmay_misc_feat_secret_circle
D:15:     grunt_enter_depths_magical_seal, layout_cave_pools,
          gauntlet_entry_generic, nicolae_trove_entry_path_of_doom,
          grunt_dithmenos_smoke_and_mirrors
Lair:1:   layout_hall_layers, uniq_fannar, uniq_erica, uniq_urug
Lair:2:   layout_regular_city, infiniplex_staircase_pool, serial_bayou_shore_b,
          serial_bayou_shore_a, grunt_megastairs_5
Lair:3:   gammafunk_cloud_chamber, layout_hall_layers, shoals_dummy_entry,
          dummy_snake_entry, lemuel_fruit_tree
Lair:4:   layout_cave_pods, dpeg_slime_entry_corner, gammafunk_ghost_icy,
          beast_lair_carwin_1, infiniplex_staircase_pool_2, serial_bayou_shore_b
Lair:5:   guppyfry_lair_end_dragon, layout_hall_layers,
          hangedman_lair_tendril_chambers, st_stairs_5
Snake:1:  layout_honeycomb, st_stairs_9, nicolae_snake_single_loop,
          nicolae_snake_serpentine_hallways, nicolae_snake_squiggles
Snake:2:  layout_gridlike, nicolae_integral_box, uniq_vashnia
Orc:1:    layout_diamond_mine
Orc:2:    st_orc_congregation, layout_caves, serial_shops, shop,
          nicolae_shop_competitors_out_of_business, nicolae_orc_lava_room,
          uniq_jorgrun

Skill      XL: |  1  2  3  4  5  6  7  8  9 10 11 12 13 14 15 16 |
---------------+-------------------------------------------------+-----
Throwing       | 1 2 3 4 |  4.9
Axes           | 4 5 6 7 9 11 12 13 14 15 16 17 | 17.0
Fighting       | 4 5 6 7 8 9 11 12 13 14 15 16 | 16.1
Ranged Weapons | 2 5 7 9 10 11 12 13 14 | 14.5
Polearms       | 2 7 10 12 | 12.1
Shields        | 3 6 8 10 | 10.3
Evocations     | 2 5 6 8 |  8.6
Dodging        | 3 6 8 10 | 10.0
Stealth        | 3 |  3.0
Armour         | 5 |  5.1

Action                     |  1- 3 |  4- 6 |  7- 9 | 10-12 | 13-15 | 16-18 || total
---------------------------+-------+-------+-------+-------+-------+-------++-------
  Melee: Hand axe          |    64 |   174 |    87 |       |       |       ||   325
         Headbutt          |     9 |    27 |    46 |   108 |   173 |    24 ||   387
         War axe           |       |       |   154 |   137 |   348 |       ||   639
         Trident           |       |       |    21 |   459 |   177 |       ||   657
         Lance             |       |       |       |    50 |       |       ||    50
         Broad axe         |       |       |       |       |    67 |       ||    67
         Battleaxe         |       |       |       |       |   233 |   109 ||   342
   Fire: Sling             |       |       |    50 |   106 |    19 |       ||   175
         Shortbow          |       |       |       |       |   237 |    76 ||   313
         Triple crossbow   |       |       |       |       |       |    18 ||    18
  Throw: Dart              |       |     2 |     9 |     9 |       |     2 ||    22
         Javelin           |       |       |     2 |       |       |       ||     2
         Boomerang         |       |       |       |     6 |   113 |     9 ||   128
 Invoke: Berserk           |     2 |     2 |     8 |    27 |    22 |     5 ||    66
         Trog's Hand       |       |       |     9 |    31 |    30 |     5 ||    75
  Evoke: Wand              |       |       |     3 |    18 |    17 |     5 ||    43
    Use: Scroll            |     1 |     5 |     8 |     7 |    17 |     6 ||    44
         Potion            |       |       |     2 |     2 |    11 |     2 ||    17
   Stab: Invisible         |       |       |       |     1 |     2 |     5 ||     8
 Armour: Scale mail        |    44 |    42 |       |   357 |    56 |       ||   499
         Animal skin       |     6 |       |       |       |       |       ||     6
         Chain mail        |       |   100 |   246 |   102 |   511 |       ||   959
         Plate armour      |       |       |       |   103 |   161 |   222 ||   486
  Dodge: Dodged            |    37 |    57 |   113 |   189 |   320 |    98 ||   814
  Block: Kite shield       |     8 |    56 |   135 |   173 |   239 |       ||   611

Table legend: (Time is in decaauts)
 A = Elapsed time spent in this place.
 B = Non-inter-level travel time spent in this place.
 C = Inter-level travel time spent in this place.
 D = Time resting spent in this place.
 E = Time spent auto-exploring this place.
 F = Levels seen in this place.
 G = Mean time per level.
                   A        B        C        D        E       F      G
               +--------+--------+--------+--------+--------+-----+--------+
         Total |  35159 |  33402 |   1757 |  14154 |  13030 |  24 | 1465.0 |
       Dungeon |  17429 |  16605 |    824 |   5000 |   8376 |  15 | 1161.9 |
          Lair |  10960 |  10536 |    424 |   5875 |   2987 |   5 | 2192.0 |
     Snake Pit |   1576 |   1522 |     54 |    470 |    913 |   2 |  788.0 |
  Orcish Mines |   5192 |   4737 |    455 |   2808 |    754 |   2 | 2596.0 |
               +--------+--------+--------+--------+--------+-----+--------+

Top non-repeatable levels by time:
  Lair:5: 5586 daAuts
   Orc:1: 2850 daAuts
   Orc:2: 2341 daAuts
    D:12: 2009 daAuts
  Lair:4: 1954 daAuts
    D:14: 1759 daAuts
 Snake:1: 1571 daAuts
     D:6: 1530 daAuts
  Lair:1: 1441 daAuts
     D:7: 1307 daAuts
     D:9: 1230 daAuts
    D:10: 1216 daAuts
    D:13: 1199 daAuts
     D:8: 1146 daAuts
    D:11: 1119 daAuts
